 Dungeon Crawl Stone Soup version 0.30-a0-125-g51eefa89be (webtiles) character file.

Game seed: 7495414858338550686

2982 Armakuni the Cruncher (level 10, -1/65 HPs)
             Began as a Human Artificer on Sept 18, 2022.
             Was a Follower of Vehumet.
             Slain by a hornet (8 damage)
             ... on level 6 of the Dungeon.
             The game lasted 00:16:01 (7788 turns).

Armakuni the Cruncher (Human Artificer)             Turns: 7788, Time: 00:16:02

Health: -1/65      AC: 10    Str: 18    XL:     10   Next: 9%
Magic:  10/10      EV: 26    Int: 15    God:    Vehumet [*.....]
Gold:   380        SH:  0    Dex: 15    Spells: 9/9 levels left

rFire   . . .      SeeInvis +    a - +4 quarterstaff (chaos)
rCold   . . .      Faith    .    (shield currently unavailable)
rNeg    . . .      Spirit   .    o - +5 robe of Night {Dark Will+ SInv}
rPois   .          Reflect  .    e - +0 helmet
rElec   .          Harm     .    g - +0 cloak
rCorr   .          Rampage  .    q - +0 pair of gloves
Will    +....                    (no boots)
Stlth   ++........               i - amulet of the acrobat
HPRegen 0.20/turn                V - +6 ring of strength
MPRegen 0.12/turn                (no ring)

@: lethally poisoned (-1 -> -9), acrobatic, slowed, very slow
A: no striking features
a: Renounce Religion


You were on level 6 of the Dungeon.
You worshipped Vehumet.
Vehumet was aware of your devotion.
You visited 2 branches of the dungeon, and saw 8 of its levels.

You collected 380 gold pieces.

Inventory:

Hand Weapons
 a - a +4 quarterstaff of chaos (weapon)
 b - a +0 quarterstaff
 f - a +0 dagger of venom
 s - a +2 whip of electrocution
Missiles
 k - a throwing net
Armour
 c - an orb of energy
 e - a +0 helmet (worn)
 g - a +0 cloak (worn)
 o - the +5 robe of Night (worn) {Dark Will+ SInv}
   (You found it on level 2 of the Dungeon)

   It shrouds the wearer in darkness, reducing the range at which they can see
   and be seen by others.
   SInv:      It lets you see invisible.
   Will:      It increases your willpower.
 q - a +0 pair of gloves (worn)
 u - a +0 chain mail of poison resistance
Jewellery
 i - an amulet of the acrobat (around neck)
 V - a +6 ring of strength (left hand)
Scrolls
 j - 2 scrolls of fog
 l - 4 scrolls of noise
Potions
 h - 2 potions of flight {unknown}
 n - 2 potions of lignification
 r - 2 potions of haste {unknown}


   Skills:
 - Level 1.0 Fighting
 + Level 12.5 Staves
 - Level 2.0 Armour
 - Level 1.0 Dodging
 - Level 1.0 Stealth
 - Level 5.0 Evocations


You had 9 spell levels left.
You didn't know any spells.
Your spell library was empty.

Dungeon Overview and Level Annotations

Branches:
Dungeon (7/15)             Temple (1/1) D:4

Altars:
Ashenzari
Cheibriados
Dithmenos
Elyvilon
Fedhas
Gozag
Hepliaklqana
Kikubaaqudgha
Makhleb
Okawaru
Qazlal
Ru
Sif Muna
Trog
Uskayaw
Vehumet
Wu Jian
Yredelemnul
Zin
The Shining One


Message History

The hornet barely misses you. The white imp barely misses you.
The hornet stings you.
You feel yourself slow down. The white imp gestures at you.
The puff of frost hits you!
You finish putting on your amulet of the acrobat.
You feel ready to tumble and roll out of harm's way.
i - an amulet of the acrobat (around neck) Unknown command.
You feel much better. The hornet closely misses you.
The hornet stings you but does no damage.
The white imp hits you but does no damage.
The gargoyle hurls a stone arrow at you.
The stone arrow hits you! The hornet stings you.
You are poisoned.
You feel as though you will be slow longer.
Blink to where?
Press: ? - help, Dir - move target
Found a scroll of identify.
As you read the scroll of blinking, it crumbles to dust.
You feel very sick.
You feel very sick.
The hornet stings you but does no damage.
The gargoyle hits you with a +0 morningstar!
The hornet stings you!
* * * LOW HITPOINT WARNING * * *
You are lethally poisoned!
You feel as though you will be slow longer.
You climb upwards.
* * * LOW HITPOINT WARNING * * *
You feel very sick.
There is a stone staircase leading down here.
Okay, then.
Okay, then.
Unknown command.
* * * LOW HITPOINT WARNING * * *
You feel very sick. The hornet completely misses you.
The gargoyle hurls a stone arrow at you.
The stone arrow misses you. The hornet stings you!
You die...

#
###.######.#
.....@>9...+
......y....#
.##...##...#
#...# ##+.
......
......


You could see a hornet and a gargoyle.

Vanquished Creatures
  The ghost of Zabiool the Skirmisher, a novice KoHs (D:4)
  A wyvern (D:7)
  A steam dragon (D:6)
  A vampire mosquito (D:7)
  Duvessa (D:3)
  A water moccasin (D:7)
  An orc warrior (D:7)
  A sky beast (D:7)
  4 ice beasts
  A black bear (D:5)
  2 ogres
  2 phantoms
  4 bullfrogs
  3 scorpions
  Dowan (D:3)
  A howler monkey (D:5)
  3 orc priests (D:5)
  3 hounds
  4 jellies
  Crazy Yiuf (D:3)
  An orc wizard (D:5)
  2 iguanas
  Natasha (thrice) (D:2)
  Robin (D:3)
  7 gnolls
  7 adders
  A shadow imp (D:6)
  2 ufetubi
  A worm (D:2)
  6 orcs
  3 ball pythons
  2 bats (D:1)
  3 endoplasms
  3 giant cockroaches
  16 goblins
  9 hobgoblins
  6 kobolds
  2 quokkas (D:3)
  A frilled lizard (D:3)
  4 rats
117 creatures vanquished.

Vanquished Creatures (collateral kills)
  A gnoll sergeant (D:4)
  2 gnolls (D:4)
3 creatures vanquished.

Vanquished Creatures (others)
  A gnoll bouda (D:2)
  3 gnolls (D:3)
  10 plants
14 creatures vanquished.

Grand Total: 134 creatures vanquished

Notes
Turn   | Place    | Note
-------+----------+-------------------------------------------
     0 | D:1      | Armakuni the Human Artificer began the quest for the Orb.
     0 | D:1      | Reached XP level 1. HP: 15/15 MP: 1/1
   331 | D:1      | Reached skill level 1 in Staves
   331 | D:1      | Reached XP level 2. HP: 19/21 MP: 2/2
   951 | D:1      | Reached XP level 3. HP: 23/26 MP: 3/3
  1165 | D:2      | Found the +5 robe of Night {Dark Will+ SInv}
  1174 | D:2      | Noticed Natasha
  1177 | D:2      | Killed Natasha
  1178 | D:2      | Reached skill level 2 in Staves
  1192 | D:2      | Reached XP level 4. HP: 28/32 MP: 4/4
  1584 | D:2      | Noticed Natasha
  1593 | D:2      | Killed Natasha
  1594 | D:2      | Reached XP level 5. HP: 10/37 MP: 5/5
  1875 | D:2      | Noticed Natasha
  1881 | D:2      | Killed Natasha
  1882 | D:2      | Reached skill level 3 in Staves
  2573 | D:3      | Found a runed translucent door.
  2575 | D:3      | Noticed Crazy Yiuf
  3138 | D:3      | Noticed a hellwing
  3140 | D:3      | Found a faded altar of an unknown god.
  3248 | D:3      | Noticed Robin
  3299 | D:3      | Reached XP level 6. HP: 40/43 MP: 6/6
  3339 | D:3      | Killed Robin
  3618 | D:3      | Killed Crazy Yiuf
  3619 | D:3      | Reached skill level 5 in Evocations
  3671 | D:4      | Noticed Duvessa
  3671 | D:4      | Noticed Dowan
  3677 | D:3      | Reached skill level 4 in Staves
  3975 | D:4      | Noticed Zabiool's ghost (novice KoHs)
  3992 | D:4      | Found a runed translucent door.
  4112 | D:4      | Reached skill level 5 in Staves
  4113 | D:4      | Reached XP level 7. HP: 18/48 MP: 7/7
  4445 | D:3      | Killed Duvessa
  4446 | D:3      | Reached skill level 6 in Staves
  4448 | D:3      | Killed Dowan
  4638 | D:4      | Found a staircase to the Ecumenical Temple.
  4642 | Temple   | Entered the Ecumenical Temple
  4906 | Temple   | Became a worshipper of Vehumet
  5272 | D:4      | Killed Zabiool's ghost
  5273 | D:4      | Reached skill level 7 in Staves
  5273 | D:4      | Reached XP level 8. HP: 42/54 MP: 8/8
  5350 | D:5      | Entered Level 5 of the Dungeon
  5491 | D:5      | Reached skill level 8 in Staves
  5916 | D:5      | Reached skill level 9 in Staves
  6022 | D:5      | Reached XP level 9. HP: 59/59 MP: 9/9
  6025 | D:5      | Identified the +4 chain mail "Asimpien" {rF+ Will++ Str-4
                  | Dex+2}
  6247 | D:5      | Reached skill level 10 in Staves
  6373 | D:6      | Found a glowing silver altar of Zin.
  7041 | D:7      | Reached * piety under Vehumet
  7041 | D:7      | Offered knowledge of Freeze by Vehumet.
  7041 | D:7      | HP: 1/59 [spore (47)]
  7042 | D:7      | Reached skill level 11 in Staves
  7597 | D:7      | Reached skill level 12 in Staves
  7604 | D:7      | Reached XP level 10. HP: 46/65 MP: 10/10
  7608 | D:7      | Noticed a manticore
  7780 | D:7      | Noticed a gargoyle
  7788 | D:6      | Slain by a hornet

Illustrated notes

Levels and vault maps discovered:
D:1:      dpeg_arrival_rooms_b, layout_loops_ring, roderic_serpentine_path
D:2:      cheibrodos_old_hovel, layout_rooms, grunt_decor_resistance,
          minmay_tetromino_t4, uniq_natasha
D:3:      layout_rooms, dreamdust_ecumenical_altar_sealed_demon, uniq_robin,
          uniq_crazy_yiuf_cottage
D:4:      layout_rooms, minmay_temple_entry_glassed_door,
          hellmonk_ghost_happy_afterlife, uniq_duvessa
D:5:      layout_rooms
D:6:      nicolae_whirlpool, layout_gridville, lemuel_tele_altar,
          nrook_mini_vaults
D:7:      minmay_the_grid_octo_tiled_squarecenter
          [minmay_the_grid_octo_pinwheel, minmay_the_grid_octo_odd_swirl,
          minmay_the_grid_octo_shrine, minmay_the_grid_octo_thin_diamonds,
          minmay_the_grid_square_5x5_megaprize_checkered,
          minmay_the_grid_square_5x5_inner_z,
          minmay_the_grid_square_5x5_shuriken,
          minmay_the_grid_square_5x5_fancy_junction,
          minmay_the_grid_square_5x5_six], layout_basic,
          minmay_misc_feat_plants, worms_lemuel
Temple:   nicolae_temple_bog_church

Skill      XL: |  1  2  3  4  5  6  7  8  9 |
---------------+----------------------------+-----
Staves         | 1 2 3 5 7 9 12 | 12.5
Evocations     | 4 5 |  5.0
Fighting       | |  1.0
Armour         | |  2.0
Dodging        | |  1.0
Stealth        | |  1.0

Action                   |  1- 3 |  4- 6 |  7- 9 | 10-12 || total
-------------------------+-------+-------+-------+-------++-------
Melee: Quarterstaff      |    23 |   184 |   171 |    11 ||   389
Evoke: Wand              |     9 |    14 |    12 |       ||    35
  Use: Scroll            |       |     6 |     4 |     1 ||    11
       Potion            |       |     1 |     7 |     1 ||     9
 Stab: Sleeping          |     1 |       |     3 |       ||     4
       Paralysed         |       |     1 |       |       ||     1
       Invisible         |       |       |    10 |       ||    10
Armor: Leather armour    |     5 |     6 |       |       ||    11
       Robe              |       |    73 |    67 |     7 ||   147
Dodge: Dodged            |    14 |   109 |    77 |    18 ||   218

Table legend: (Time is in decaauts)
 A = Elapsed time spent in this place.
 B = Non-inter-level travel time spent in this place.
 C = Inter-level travel time spent in this place.
 D = Time resting spent in this place.
 E = Time spent auto-exploring this place.
 F = Levels seen in this place.
 G = Mean time per level.
                   A        B        C        D        E       F      G
               +--------+--------+--------+--------+--------+-----+--------+
         Total |   7826 |   7622 |    204 |   2400 |   3727 |   8 |  978.2 |
       Dungeon |   7527 |   7363 |    164 |   2400 |   3511 |   7 | 1075.3 |
        Temple |    299 |    259 |     40 |      0 |    216 |   1 |  299.0 |
               +--------+--------+--------+--------+--------+-----+--------+

Top non-repeatable levels by time:
     D:3: 1737 daAuts
     D:1: 1530 daAuts
     D:5: 994 daAuts
     D:2: 940 daAuts
     D:4: 916 daAuts
     D:6: 713 daAuts
     D:7: 694 daAuts
  Temple: 299 daAuts
